 Dungeon Crawl Stone Soup version 0.18-a0-1514-g6ed9364 (webtiles) character file.

2509 Tomstefer the Basher (level 9, -1/84 HPs)
             Began as a Minotaur Berserker on Mar 6, 2016.
             Was a High Priest of Trog.
             Slain by Erica
             ... wielding a +1 scimitar of flaming
              (9 damage)
             ... on level 8 of the Dungeon.
             The game lasted 00:14:49 (6757 turns).

Tomstefer the Basher (Minotaur Berserker)           Turns: 6757, Time: 00:14:50

Health: -1/84      AC:  9    Str: 23    XL:     9   Next: 28%
Magic:  8/8        EV: 13    Int:  4    God:    Trog [*****.]
Gold:   340        SH:  0    Dex: 12    Spells: 0 memorised, 8 levels left

rFire  + . .     SeeInvis .     E - +0 flail (crush)
rCold  + . .     Gourm    .     e - +2 ring mail {rC+}
rNeg   . . .     Faith    .     (no shield)
rPois  .         Spirit   .     (helmet restricted)
rElec  .         Dismiss  .     u - +1 cloak
rCorr  .         Reflect  .     (no gloves)
SustAt .         Harm     .     (no boots)
MR     .....                    y - amulet of rage
Stlth  ..........               b - ring of protection from fire
                                s - +2 ring of evasion

@: confused, lethally poisoned (-1 -> -4), exhausted, slowed, very slow, not
resistant to hostile enchantments, extremely unstealthy
A: retaliatory headbutt, horns 2
a: Berserk, Trog's Hand, Brothers in Arms, Burn Spellbooks, Renounce Religion,
Evoke Berserk Rage


You were on level 8 of the Dungeon.
You worshipped Trog.
Trog was extremely pleased with you.
You were hungry.

You visited 1 branch of the dungeon, and saw 8 of its levels.
You also visited: Sewer.

You collected 389 gold pieces.
You spent 49 gold pieces at shops.

Inventory:

Hand Weapons
 E - a +0 flail of crushing (weapon)
Missiles
 n - 6 javelins (quivered)
 F - 2 silver tomahawks
Armour
 e - a +2 ring mail of cold resistance (worn)
 u - a +1 cloak (worn)
 D - a +0 plate armour
Jewellery
 b - a ring of protection from fire (right hand)
 s - a +2 ring of evasion (left hand)
 y - an amulet of rage (around neck)
Wands
 d - a wand of paralysis (15/24)
 A - a wand of polymorph (7/24)
Scrolls
 j - 4 scrolls of teleportation
 r - a scroll of remove curse
 t - 2 scrolls of recharging
 w - 3 scrolls of identify
 B - a scroll of immolation {unknown}
 C - a scroll of enchant weapon {unknown}
 G - a scroll of magic mapping
 H - a scroll of holy word {unknown}
Potions
 f - 2 potions of berserk rage
 g - 5 potions of brilliance {unknown}
 h - 6 potions of curing {unknown}
 i - 7 potions of heal wounds {unknown}
 l - 2 potions of magic {unknown}
 o - a potion of ambrosia {unknown}
 q - 3 potions of flight {unknown}
 z - 3 potions of mutation {unknown}
 I - a potion of invisibility {unknown}
Books
 x - a book of Transfigurations

   Spells                             Type                      Level
   a - Irradiate                      Conjuration/Transmutation    5
   b - Statue Form                    Transmutation/Earth          6
   c - Hydra Form                     Transmutation                6
   d - Dragon Form                    Transmutation                7
   Trog disapproves of the use of such an item.
Comestibles
 a - 2 chunks of flesh
 c - 4 bread rations
 k - 4 fruits
 m - 3 meat rations
 p - 3 royal jellies
 v - a beef jerky


   Skills:
 + Level 9.5 Fighting
 * Level 12.4 Maces & Flails
 - Level 2.4 Armour
 - Level 2.1 Dodging


You had 8 spell levels left.
You didn't know any spells.

Dungeon Overview and Level Annotations

Branches:
Dungeon (8/15)             Temple (0/1) D:5
   Lair: D:8-11

Altars:
Okawaru
Pakellas
Qazlal
Ru
Trog
Xom
Yredelemnul
Zin

Shops:
D:4 (%   D:7 :?!(

Annotations:
D:8 Erica


Innate Abilities, Weirdness & Mutations

You reflexively headbutt those who attack you in melee.
You have a pair of horns on your head.


Message History

You feel sick. The porcupine bites you! Something hits you.
Something burns you. The porcupine misses you. The porcupine bites you!
You barely miss something.
You feel sick. The porcupine barely misses you. The porcupine misses you.
You hear some strange, mumbled words.
You are more confused.
The porcupine bites you!
* * * LOW HITPOINT WARNING * * *
The porcupine barely misses you.
You completely miss something. You headbutt something!
You feel sick. Something hits you.
* * * LOW HITPOINT WARNING * * *
The porcupine bites you.
* * * LOW HITPOINT WARNING * * *
The porcupine misses you.
You feel sick. Something hits you but does no damage.
The porcupine closely misses you. The porcupine bites you.
* * * LOW HITPOINT WARNING * * *
Something hits you!
You die... .......##### ♣PP

........##.## ...
............# .P..
.....###....###
..... ..####
#......######.....
.##
##...........♣...♣
.##
##..###.†......P..
..##
#..###..r{r....P..
<..# ####
###.@........
.....# #..........
......#
###........
..#..## #.....###
.##..# #......# ##
## #......# #
#......# # .......


You could see 2 porcupines.

Vanquished Creatures
  Maurice (D:8)
  Sigmund (D:2)
  A steam dragon (D:7)
  The ghost of Galewind the Conjurer, an amateur DECj (Sewer)
  A water moccasin (D:7)
  Duvessa (D:7)
  2 ogres (D:7)
  2 giant frogs (D:7)
  A big kobold (Sewer)
  Dowan (D:7)
  A wyvern skeleton (D:6)
  4 howler monkeys (D:7)
  7 crimson imps
  8 orc wizards
  Crazy Yiuf (D:3)
  2 orc priests
  2 iguanas
  2 worker ants
  A howler monkey skeleton (D:4)
  A worker ant zombie (D:7)
  5 gnolls
  2 river rats
  6 adders
  A shadow imp (D:7)
  2 oozes (D:1)
  A worm (D:2)
  2 dart slugs
  9 giant geckos
  19 orcs
  8 bats
  6 giant cockroaches
  20 goblins
  5 hobgoblins
  8 jackals
  11 kobolds
  2 quokkas
  6 ball pythons (D:3)
  5 giant newts
  A quokka skeleton (D:4)
  A quokka zombie (D:6)
  10 rats
171 creatures vanquished.

Vanquished Creatures (others)
  An ice dragon (D:4)
  A bat (D:1)
2 creatures vanquished.

Grand Total: 173 creatures vanquished

Notes
Turn   | Place    | Note
--------------------------------------------------------------
     0 | D:1      | Tomstefer the Minotaur Berserker began the quest for the Orb.
     0 | D:1      | Reached XP level 1. HP: 19/19 MP: 0/0
    21 | D:1      | Reached skill level 4 in Maces & Flails
    21 | D:1      | Reached XP level 2. HP: 17/27 MP: 1/1
   342 | D:1      | Reached XP level 3. HP: 33/33 MP: 2/2
   452 | D:1      | Reached ** piety under Trog
   960 | D:2      | Noticed Sigmund
   965 | D:2      | Killed Sigmund
   965 | D:2      | Reached skill level 5 in Fighting
   965 | D:2      | Reached skill level 6 in Maces & Flails
   965 | D:2      | Reached XP level 4. HP: 42/42 MP: 3/3
   965 | D:2      | Reached XP level 5. HP: 48/48 MP: 4/4
  1269 | D:2      | Found an iron altar of Okawaru.
  1549 | D:2      | Reached *** piety under Trog
  2160 | D:3      | Reached XP level 6. HP: 57/57 MP: 5/5
  2225 | D:3      | Reached **** piety under Trog
  2285 | D:3      | Noticed Crazy Yiuf
  2289 | D:3      | Killed Crazy Yiuf
  2289 | D:3      | Reached skill level 7 in Maces & Flails
  2728 | D:4      | Found a sacrificial altar of Ru.
  2913 | D:4      | Found Zunus's Weapon Emporium.
  3025 | D:4      | Found Osil's Food Boutique.
  3392 | D:4      | Found an oddly glowing altar of Pakellas.
  3392 | D:4      | Noticed an ice dragon
  3408 | D:4      | Killed an ice dragon
  3452 | D:5      | Entered Level 5 of the Dungeon
  3493 | D:5      | Reached XP level 7. HP: 64/64 MP: 6/6
  3586 | D:5      | Reached skill level 8 in Maces & Flails
  3627 | D:5      | Found a staircase to the Ecumenical Temple.
  3974 | D:5      | Found a stormy altar of Qazlal.
  4423 | D:6      | Found a bloodstained altar of Trog.
  4425 | D:6      | Reached skill level 9 in Maces & Flails
  4849 | D:6      | Found a glowing drain.
  4867 | Sewer    | Entered a sewer
  4906 | Sewer    | Noticed Galewind's ghost (amateur DECj)
  4917 | Sewer    | Killed Galewind's ghost
  5012 | Sewer    | Found a white marble altar of Elyvilon.
  5188 | D:6      | Got a twisted ring mail
  5199 | D:6      | Identified the +4 ring mail of the Bagpipe {Int+6} (You found it on level 6 of the Dungeon)
  5236 | D:6      | Reached XP level 8. HP: 59/73 MP: 7/7
  5343 | D:6      | Found an oddly glowing altar of Pakellas.
  5484 | D:7      | Found Saugh's Book Shoppe.
  5615 | D:7      | Reached skill level 10 in Maces & Flails
  5677 | D:7      | Noticed Duvessa
  5677 | D:7      | Noticed Dowan
  5684 | D:7      | Killed Duvessa
  5686 | D:7      | Killed Dowan
  5797 | D:7      | Reached skill level 11 in Maces & Flails
  6191 | D:7      | Found a glowing silver altar of Zin.
  6191 | D:7      | Found a basalt altar of Yredelemnul.
  6430 | D:7      | Found Naewn's Magic Scroll Boutique.
  6432 | D:7      | Bought a scroll of magic mapping for 49 gold pieces
  6447 | D:7      | Reached XP level 9. HP: 77/83 MP: 8/8
  6455 | D:7      | Found Wakusi's Antique Weapon Emporium.
  6478 | D:7      | Found Ytros's Distillery.
  6491 | D:7      | Found a shimmering altar of Xom.
  6626 | D:8      | Noticed Maurice
  6647 | D:8      | Killed Maurice
  6647 | D:8      | Reached skill level 12 in Maces & Flails
  6741 | D:8      | Noticed Erica
  6748 | D:8      | Reached ***** piety under Trog
  6757 | D:8      | Slain by Erica

Vault maps used:
D:1:      zaba_arrival_water, lemuel_old_faithful
D:2:      kennysheep_the_goblin_king, okawaru_trees_1, kennysheep_doodads,
          grunt_ministairs_7, minivault_11, minmay_misc_feat_encased,
          serial_park_tiny_2, uniq_sigmund
D:3:      minmay_misc_feat_cross, minmay_shallow_snake_nest,
          uniq_crazy_yiuf_cottage
D:4:      overflow_temple_1_default, serial_shops, shop, shop,
          gammafunk_pakellas_cloud_experiment
D:5:      kennysheep_mini_moat, temple_doors_e, first_bread, serial_glass,
          glass_columns_a, glass_columns_a
D:6:      lemuel_coloured_pillars_altar, portal_sewer_entry_a,
          trog_three_pillars_becter
D:7:      wad_crossroads, gammafunk_temple_overflow_wave, basic_altar,
          serial_shops, nicolae_shop_statue_plus, shop, shop,
          nicolae_shop_statue_plus, uniq_duvessa
D:8:      overflow_temple_1_default, minmay_lair_entry_grove, hex_large,
          uniq_joseph, uniq_maurice, uniq_grum, uniq_erica
Sewer:    sewer_kobolds

Skill      XL: |  1  2  3  4  5  6  7  8  9 |
---------------+----------------------------+-----
Maces & Flails | 4 6 7 9 11 12 | 12.4
Fighting       | 4 5 6 7 9 |  9.5
Armour         | |  2.4
Dodging        | |  2.1

Action                   |  1- 3 |  4- 6 |  7- 9 || total
-------------------------+-------+-------+-------++-------
Melee: Mace              |    47 |    99 |   109 ||   255
       Whip              |       |    47 |       ||    47
       Flail             |       |       |   102 ||   102
Invok: Berserk           |     1 |     3 |     5 ||     9
       Burn Spellbooks   |       |       |     1 ||     1
  Use: Scroll            |       |     7 |     1 ||     8
  Eat: Chunk             |       |    11 |    12 ||    23
       Bread ration      |       |       |     1 ||     1
